 Dungeon Crawl Stone Soup version 0.20.0-15-g7f486f2 (webtiles) character file.

266 anfisbena the Slasher (level 6, 47/47 HPs)
             Began as a Demonspawn Abyssal Knight on June 15, 2017.
             Was a Priest of Lugonu.
             Got out of the dungeon alive.
             The game lasted 00:03:51 (3966 turns).

anfisbena the Slasher (Demonspawn Abyssal Knight)   Turns: 3966, Time: 00:03:52

Health: 47/47      AC:  8    Str: 10 (13) XL:     6   Next: 0%
Magic:  7/7        EV: 11    Int: 12 (13) God:    Lugonu [***...]
Gold:   196        SH:  0    Dex: 14      Spells: 5/5 levels left

rFire    + . .     SeeInvis .   r - +3 falchion
rCold    . . .     Gourm    .   (no shield)
rNeg     + . .     Faith    .   b - +0 leather armour
rPois    .         Spirit   .   q - +0 helmet
rElec    .         Reflect  .   (no cloak)
rCorr    +         Harm     .   (no gloves)
MR       +....                  (no boots)
Stlth    +++.......             (no amulet)
Regen    0.2/turn               m - ring of positive energy
MPRegen  0.1/turn               k - ring of protection from magic

@: no status effects
A: claws 1, hooves 1, yellow scales 3, fire resistance 1, nightstalker 1, wild
magic 1, MP-powered wands
a: Depart the Abyss, Bend Space, Banish, Renounce Religion


You escaped.
You worshipped Lugonu.
Lugonu was most pleased with you.
You were not hungry.

You visited 1 branch of the dungeon, and saw 3 of its levels.
You visited the Abyss 1 time.

You collected 196 gold pieces.

Inventory:

Hand Weapons
 r - a +3 falchion (weapon)
Armour
 b - a +0 leather armour (worn)
 q - a +0 helmet (worn)
Jewellery
 k - a ring of protection from magic (right claw)
 m - a ring of positive energy (left claw)
Wands
 a - a wand of lightning (6/15)
Scrolls
 d - 3 scrolls of fear {unknown}
 e - 3 scrolls of identify {unknown}
 f - a scroll of remove curse {unknown}
 l - 2 scrolls of amnesia {unknown}
 n - a scroll of blinking {unknown}
 o - a scroll of teleportation {unknown}
 p - a scroll of enchant weapon {unknown}
 u - a scroll of fog {unknown}
Potions
 g - a potion of haste {unknown}
 i - a potion of resistance {unknown}
 j - 2 potions of agility {unknown}
 t - a potion of heal wounds
Books
 v - a book of Callings

   Spells                             Type                      Level
   a - Summon Small Mammal            Summoning                    1
   b - Call Imp                       Summoning                    2
   c - Call Canine Familiar           Summoning                    3
   d - Summon Guardian Golem          Hexes/Summoning              3
   e - Summon Lightning Spire         Summoning/Air                4
   f - Summon Ice Beast               Ice/Summoning                4
Comestibles
 c - 4 bread rations
 h - a chunk of flesh
 s - a royal jelly


   Skills:
 - Level 3.0 Fighting
 + Level 4.8 Long Blades
 - Level 1.7 Armour
 - Level 0.8 Dodging
 + Level 3.1 Stealth
 - Level 2.4 Invocations


You had 5 spell levels left.
You didn't know any spells.

Dungeon Overview and Level Annotations

Branches:
Dungeon (3/15)

Altars:
Okawaru


Innate Abilities, Weirdness & Mutations

You have sharp fingernails.
You are completely covered in yellow scales. (AC +4, rCorr)
You are slightly more attuned to the shadows.
You have large cloven feet.
Your flesh is heat resistant. (rF+)
Your spells are a little harder to cast, but a little more powerful.
You expend magic power (3 MP) to strengthen your wands.


Message History

Done exploring.
Done exploring.
Done exploring.
Done exploring.
(D) Dungeon
Where to? (Enter - D:3, ? - help)
What level of the Dungeon? (default 1, ? - help)
There is a stone staircase leading up here.
You climb upwards.
There is a stone staircase leading down here.
There is a stone staircase leading up here.
You climb upwards.
There is a stone staircase leading down here.
You open the door.
There is an open door here.
You open the door.
There is an open door here.
There is a staircase leading out of the dungeon, spattered with blood here.
Are you sure you want to leave the Dungeon?
This will make you lose the game!
You have escaped!

..#...###...#....# #.#.......#
..#...# #.######.# #.........#
..##### #.######.###.......### ##
..# #####..................# #.
..###...#.##'###'###.......# #.
........#.#...#...##..###.######.
.####...#.#...#...#..............
.###......#...#...#.#.###.####.#.
.##.....#.#.>.#.@.#.#.###.####..#
.##.....#.#...#(..#.#........##..
..........#.>.#...#.#........##.#
.###......#...#...#.#........#...
..........##'###'##.#...........#
.########...........#........##.#
.# #....###...##............ ##
#....#...............#...
#....#.###.#.........#...


There were no monsters in sight!

Vanquished Creatures
  An orc wizard (D:3)
  Terence (D:2)
  Ijyb (D:3)
  Natasha (D:2)
  8 adders
  3 worms
  2 dart slugs
  2 leopard geckos (D:2)
  4 orcs (D:3)
  2 ball pythons
  4 giant cockroaches
  5 goblins
  10 hobgoblins
  A jackal (D:1)
  10 kobolds
  A quokka (D:3)
  11 bats
  5 frilled lizards
  4 rats
76 creatures vanquished.

Notes
Turn   | Place    | Note
-------+----------+-------------------------------------------
     0 | Abyss:1  | anfisbena the Demonspawn Abyssal Knight began the quest for the Orb.
     0 | Abyss:1  | Reached XP level 1. HP: 18/18 MP: 2/2
    16 | Abyss:1  | Noticed an orange demon
    26 | D:1      | Escaped the Abyss
    99 | D:1      | Reached skill level 2 in Long Blades
   283 | D:1      | Gained mutation: You are partially covered in yellow scales. (AC +2) [demonic ancestry]
   283 | D:1      | Reached XP level 2. HP: 24/24 MP: 3/3
   620 | D:1      | Reached skill level 3 in Long Blades
   953 | D:1      | Reached ** piety under Lugonu
  1084 | D:1      | Gained mutation: You are slightly more attuned to the shadows. [demonic ancestry]
  1084 | D:1      | Reached XP level 3. HP: 25/29 MP: 4/4
  1720 | D:2      | Gained mutation: You are mostly covered in yellow scales. (AC +3) [demonic ancestry]
  1720 | D:2      | Reached XP level 4. HP: 27/35 MP: 5/5
  1870 | D:2      | Noticed Natasha
  1887 | D:2      | Killed Natasha
  1887 | D:2      | Reached skill level 1 in Stealth
  2054 | D:2      | Reached skill level 4 in Long Blades
  2199 | D:2      | Noticed Terence
  2239 | D:2      | Gained mutation: Your flesh is heat resistant. (rF+) [potion of mutation]
  2239 | D:2      | Gained mutation: Your spells are a little harder to cast, but a little more powerful. [potion of mutation]
  2239 | D:2      | Gained mutation: You expend magic power (3 MP) to strengthen your wands. [potion of mutation]
  2239 | D:2      | Gained mutation: You have large cloven feet. [potion of mutation]
  2259 | D:2      | Killed Terence
  2577 | D:2      | Gained mutation: You are completely covered in yellow scales. (AC +4, rCorr) [demonic ancestry]
  2577 | D:2      | Reached XP level 5. HP: 12/41 MP: 6/6
  3359 | D:3      | Found an iron altar of Okawaru.
  3399 | D:3      | Reached *** piety under Lugonu
  3419 | D:3      | Noticed Ijyb
  3448 | D:3      | Killed Ijyb
  3818 | D:3      | Gained mutation: You have sharp fingernails. [demonic ancestry]
  3818 | D:3      | Reached XP level 6. HP: 47/47 MP: 7/7
  3966 | D:$      | Got out of the dungeon alive.

Skill      XL: |  1  2  3  4  5 |
---------------+----------------+-----
Long Blades    | 2 3 4 |  4.8
Stealth        | 2 3 |  3.1
Fighting       | |  3.0
Armour         | |  1.7
Dodging        | |  0.8
Invocations    | |  2.4

Action                   |  1- 3 |  4- 6 || total
-------------------------+-------+-------++-------
Melee: Falchion          |   112 |   198 ||   310
       Kick              |       |    26 ||    26
  Use: Potion            |     1 |     6 ||     7
 Stab: Sleeping          |     4 |     4 ||     8
  Eat: Chunk             |     3 |     7 ||    10
Armor: Leather armour    |    51 |    72 ||   123
       Skin              |       |     9 ||     9
Dodge: Dodged            |    81 |   115 ||   196
       Rpst.: Falchion   |    22 |    37 ||    59
